Map: Graystone Ravine

Players

Nyck

  • Race: Terran Terran
  • Spawn Location: 9:00

Ekelpack

  • Race: Zerg Zerg
  • Spawn Location: 11:00

EldorKB - Winner!

  • Race: Terran Terran
  • Spawn Location: 5:00

WillyKB - Winner!

  • Race: Terran Terran
  • Spawn Location: 3:00

VOD

Have the link to the VOD?

Description

Time

  • Played on: Aug. 20, 2024, 12:26 p.m.
  • Length: 14:17
Show
View Real Time Build Order
Export as new Build Order

Nyck Terran 

Build Orders:  

Get SALT Encoding   

  12  0:01  SCV  
  13  0:14  SCV  
  14  0:18  Supply Depot  
  14  0:26  SCV  
  15  0:40  SCV  
  15  0:42  Barracks  
  16  0:52  SCV  
  16  0:56  Barracks  
  17  1:05  SCV  
  18  1:17  SCV  
  19  1:30  Refinery  
  19  1:31  Supply Depot, Marine  
  20  1:34  Orbital Command  
  20  1:50  Marine x2  
  22  1:58  Barracks  
  22  2:01  SCV  
  22  2:08  Marine x2  
  24  2:14  SCV  
  26  2:19  Refinery  
  26  2:25  Marine  
  26  2:26  SCV  
  26  2:27  Marine  
  29  2:41  SCV  
  29  2:43  Marine  
  31  2:46  Marine  
  31  2:47  Supply Depot  
  31  3:11  Marine x3  
  34  3:19  SCV  
  35  3:27  Factory  
  35  3:30  Marine x3  
  38  3:45  SCV  
  39  4:06  Barracks Tech Lab x3  
  39  4:12  SCV  
  39  4:24  SCV  
  39  4:31  Command Center  
  39  4:43  SCV  
  36  4:55  SCV  
  37  5:01  Marauder  
  37  5:03  Concussive Shells  
  39  5:08  Supply Depot  
  39  5:17  Command Center, Factory Tech Lab  
  39  5:20  Factory  
  38  5:22  Marauder x2  
  37  5:31  Supply Depot  
  37  5:36  Marauder  
  37  5:37  Stimpack  
  39  5:44  Siege Tank  
  39  5:46  Combat Shield  
  39  5:47  SCV  
  39  5:49  Orbital Command  
  43  5:53  Refinery  
  43  5:55  Supply Depot  
  43  5:59  SCV  
  43  6:02  Marauder x3  
  50  6:05  Refinery  
  50  6:08  Engineering Bay  
  50  6:14  Factory Tech Lab  
  50  6:19  Engineering Bay  
  50  6:23  Marauder x3  
  56  6:27  SCV x2  
  58  6:39  SCV x2  
  60  6:49  Marauder  
  60  6:50  Marauder x2  
  60  6:51  Terran Infantry Weapons Level 1  
  60  6:53  Terran Infantry Armor Level 1  
  66  6:55  Siege Tank  
  69  7:03  Supply Depot  
  69  7:04  SCV x2  
  69  7:05  Supply Depot  
  71  7:13  Marauder  
  75  7:15  Marauder  
  75  7:16  SCV x2  
  75  7:19  Marauder  
  79  7:28  Supply Depot  
  79  7:29  Planetary Fortress  
  79  7:36  SCV  
  79  7:37  SCV  
  81  7:39  Marauder x2  
  85  7:56  SCV x2  
  87  8:09  Barracks  
  87  8:10  Supply Depot  
  87  8:13  SCV x3  
  90  8:21  Marauder x3  
  83  8:50  Marauder x3  
  89  8:57  Siege Tank x2  
  89  9:00  SCV  
  96  9:11  Marauder, Armory  
  96  9:12  Barracks Tech Lab, SCV, Marauder x2  
  103  9:24  SCV  
  104  9:31  SCV x2  
  106  9:36  SCV, Refinery  
  106  9:38  Refinery  
  107  9:43  SCV x2  
  108  9:48  SCV  
  109  10:06  SCV x2  
  109  10:07  SCV  
  112  10:14  Widow Mine x2  
  112  10:18  SCV x2  
  112  10:19  SCV  
  107  10:35  Widow Mine x2  
  111  10:40  Marauder x3  
  117  10:44  Terran Infantry Weapons Level 2  
  117  10:45  Terran Infantry Armor Level 2  
  117  10:53  Supply Depot  
  117  10:56  SCV, Siege Tank x2  
  124  11:05  SCV  
  125  11:14  SCV x2, Marauder x3  
  133  11:23  Supply Depot  
  133  11:42  Supply Depot  
  133  11:43  SCV x2, Siege Tank x2  
  133  11:46  Supply Depot  
  141  11:50  Command Center  
  141  12:08  Supply Depot  
  108  12:32  Supply Depot  
  92  12:52  Siege Tank  
  92  12:53  Marauder x2  
  92  12:54  Supply Depot, Marauder  
  73  13:35  Marauder x3  
Show
View Real Time Build Order
Export as new Build Order

Ekelpack Zerg 

Build Orders: Pool First, Roach Hydra 

Get SALT Encoding   

  12  0:00  Drone  
  13  0:08  Drone  
  14  0:26  Spawning Pool  
  13  0:29  Drone  
  14  0:37  Overlord  
  14  0:55  Drone x3  
  17  1:01  Extractor  
  16  1:07  Drone  
  17  1:17  Queen  
  19  1:21  Drone  
  20  1:28  Overlord  
  20  1:34  Roach Warren  
  20  1:39  Drone  
  20  1:52  Drone  
  21  2:08  Overlord  
  23  2:15  Roach  
  23  2:26  Roach  
  23  2:27  Roach x3  
  31  2:40  Hatchery  
  30  3:03  Roach x3  
  30  3:04  Roach  
  30  3:05  Overlord  
  38  3:23  Overlord  
  38  3:30  Lair  
  38  3:49  Drone  
  38  3:50  Drone x5  
  44  4:02  Extractor  
  43  4:05  Drone x3  
  43  4:06  Queen  
  48  4:22  Roach x2  
  52  4:30  Extractor  
  49  4:58  Drone  
  49  4:59  Drone x5  
  49  5:13  Drone  
  44  5:15  Glial Reconstitution  
  44  5:17  Evolution Chamber  
  39  5:23  Drone x2  
  39  5:26  Hydralisk Den  
  40  5:35  Drone  
  40  5:36  Drone  
  40  5:37  Drone x3  
  45  5:42  Zerg Missile Weapons Level 1  
  45  5:54  Roach x4  
  45  5:55  Roach  
  51  5:58  Grooved Spines  
  51  6:03  Overlord  
  51  6:04  Extractor  
  50  6:23  Drone x3  
  50  6:24  Drone x2  
  55  6:43  Hydralisk x2  
  55  6:44  Hydralisk x4  
  55  6:46  Overlord x2  
  67  6:53  Hatchery  
  66  7:00  Queen  
  68  7:02  Overlord  
  68  7:04  Muscular Augments  
  68  7:14  Hydralisk x4  
  68  7:15  Hydralisk  
  78  7:36  Hydralisk x5  
  84  7:38  Overlord  
  88  7:54  Drone x2  
  88  7:55  Drone x2  
  92  8:00  Overlord  
  92  8:07  Hydralisk  
  92  8:08  Hydralisk x2  
  68  8:43  Extractor  
  68  8:46  Hydralisk x6  
  68  8:47  Hydralisk x4  
  87  9:02  Drone x3  
  90  9:03  Drone  
  90  9:07  Zerg Missile Weapons Level 2  
  91  9:20  Hydralisk  
  91  9:21  Hydralisk x4  
  101  9:33  Drone  
  101  9:34  Overlord x2  
  102  9:45  Hydralisk x2  
  102  9:46  Hydralisk x4  
  102  9:47  Overlord x2  
  102  9:49  Overlord  
  114  10:01  Extractor  
  114  10:04  Drone x4  
  114  10:05  Overlord x3  
  97  10:38  Spire  
  96  10:52  Infestation Pit  
  96  10:56  Metabolic Boost  
  95  10:58  Zergling x12  
  95  10:59  Zergling x10  
  106  11:24  Zerg Ground Armor Level 1  
  106  11:30  Hive  
  106  11:36  Zergling x6  
  106  11:37  Zergling x2  
  110  11:50  Mutalisk x7  
  110  11:51  Mutalisk x6  
  110  11:53  Overlord x3  
  110  11:54  Zergling x6  
  55  12:48  Mutalisk x5  
  55  12:49  Mutalisk x4  
  73  13:04  Zergling x4  
  73  13:05  Zergling x2  
  72  13:34  Zergling x4  
  72  13:35  Zergling x14, Mutalisk x2  
  72  13:36  Zergling x2, Mutalisk  
Show
View Real Time Build Order
Export as new Build Order

EldorKB Terran - Winner!

Build Orders:  

Get SALT Encoding   

  12  0:00  SCV  
  13  0:12  SCV  
  14  0:19  Supply Depot  
  14  0:24  SCV  
  15  0:41  SCV, Barracks  
  16  0:53  SCV  
  16  0:55  Refinery  
  17  1:05  SCV, Barracks  
  18  1:17  SCV  
  19  1:29  SCV  
  20  1:38  Reaper  
  21  1:41  Orbital Command, Refinery  
  21  1:44  Supply Depot  
  21  1:56  Reaper  
  22  2:02  Supply Depot  
  22  2:07  SCV  
  23  2:12  Reaper  
  24  2:19  SCV  
  25  2:31  SCV  
  25  2:32  Command Center  
  26  2:38  Reaper  
  26  2:43  SCV  
  28  2:54  Reaper  
  28  2:56  SCV  
  30  3:14  Barracks  
  30  3:15  Supply Depot, Barracks  
  30  3:21  Barracks Tech Lab  
  30  3:27  Barracks Tech Lab  
  30  3:37  SCV  
  31  3:49  SCV  
  32  4:01  SCV, Marauder x2  
  37  4:03  Marine x2  
  38  4:13  SCV  
  39  4:21  Marine x2  
  39  4:22  Marine x2  
  41  4:39  Marine x2  
  41  4:41  Marauder x2  
  47  4:47  Stimpack  
  47  4:48  Combat Shield  
  47  4:56  Marine  
  47  4:57  Marine  
  49  5:02  Marine, Marauder  
  46  5:14  Marine  
  46  5:15  Marine  
  46  5:20  Marauder  
  48  5:23  Orbital Command, Marauder  
  48  5:24  Factory  
  49  5:31  Engineering Bay x2  
  49  5:32  Supply Depot, Marine x2  
  51  5:41  Marine  
  52  5:44  Marine  
  53  5:56  SCV x2  
  55  6:01  Terran Infantry Weapons Level 1  
  55  6:02  Terran Infantry Armor Level 1  
  55  6:03  Barracks Reactor  
  55  6:04  Barracks Reactor  
  55  6:07  Marine x2  
  55  6:08  SCV  
  58  6:11  SCV  
  58  6:13  Refinery  
  58  6:14  Factory Reactor  
  58  6:16  Starport  
  59  6:20  SCV  
  59  6:23  Supply Depot  
  59  6:24  SCV, Marine  
  62  6:26  Supply Depot  
  62  6:28  Marine  
  62  6:32  SCV  
  64  6:36  SCV  
  65  6:41  Marine x4  
  65  6:42  Marine  
  65  6:44  SCV  
  65  6:46  Marine  
  72  6:48  SCV  
  73  6:57  SCV  
  73  6:58  Marine x2  
  73  6:59  Marine x2  
  73  7:00  Marine  
  79  7:04  Supply Depot  
  79  7:05  Armory  
  79  7:08  Supply Depot, SCV, Missile Turret  
  79  7:10  SCV, Missile Turret  
  79  7:12  Marine  
  82  7:20  SCV  
  84  7:22  SCV  
  84  7:23  Factory Tech Lab, Medivac  
  84  7:25  Medivac  
  88  7:32  Concussive Shells  
  88  7:33  SCV, Marine x2  
  88  7:34  Marine, Marauder  
  88  7:35  SCV, Marine  
  96  7:44  Siege Tank  
  96  7:45  SCV  
  100  7:53  Medivac  
  100  7:55  Marine x3, Medivac  
  107  8:05  SCV  
  108  8:06  Refinery  
  108  8:16  Command Center  
  108  8:19  Supply Depot  
  88  8:35  Marine x2  
  88  8:36  Marine x2, Medivac x2  
  88  8:37  Marine x2  
  98  8:44  Terran Infantry Weapons Level 2  
  98  8:49  Terran Infantry Armor Level 2  
  98  8:53  Marine  
  102  8:55  Siege Tank  
  102  8:56  Marine x2  
  104  9:08  Medivac x2  
  108  9:10  Marine  
  108  9:11  Marine  
  108  9:13  Marine  
  111  9:27  Siege Tank, Marine x3  
  117  9:38  Planetary Fortress  
  117  9:41  Marine x3  
  117  9:45  Marine x3  
  123  9:54  Supply Depot  
  123  9:55  Supply Depot  
  123  9:58  SCV  
  123  9:59  SCV, Marine x3, Siege Tank  
  131  10:00  Supply Depot  
  131  10:01  Supply Depot  
  131  10:03  Marine x3  
  134  10:16  Marine  
  134  10:18  Marine x2  
  128  10:29  Marine x3  
  128  10:33  Siege Tank  
  134  10:35  Medivac x2  
  134  10:36  Marine x3  
  141  10:46  Marine  
  141  10:47  Marine  
  143  11:01  SCV  
  144  11:06  Refinery  
  144  11:08  Marine x3  
  144  11:09  Terran Ship Weapons Level 1  
  144  11:11  Terran Infantry Armor Level 3, Terran Infantry Weapons Level 3  
  147  11:13  SCV  
  147  11:15  Supply Depot, Marine x2  
  147  11:16  Marine  
  151  11:25  SCV  
  152  11:37  SCV  
  153  11:46  SCV x2  
  155  11:49  SCV  
  155  11:50  Marine x4  
  155  11:51  Refinery, Marauder x2  
  155  11:54  Siege Tank  
  167  11:58  SCV x2  
  169  12:08  Marine x2  
  144  12:26  Siege Tank  
  144  12:27  Marine x2, Marauder  
  145  12:34  Marine x3  
  130  12:44  Marine  
  130  12:45  Marine  
  130  12:48  Marine  
  129  12:52  Marine x3  
  132  13:02  Marine  
  132  13:03  Marine  
  132  13:05  Siege Tank, Medivac x2  
  141  13:06  Marine  
  141  13:10  Marine  
  141  13:11  Marauder  
  142  13:22  Marine x2  
  138  13:37  Siege Tank  
  140  13:55  Marine x2  
  138  13:59  SCV x2  
  138  14:00  SCV  
  138  14:16  Command Center  
Show
View Real Time Build Order
Export as new Build Order

WillyKB Terran - Winner!

Build Orders:  

Get SALT Encoding   

  12  0:12  SCV  
  13  0:24  SCV  
  14  0:30  Refinery  
  14  0:36  SCV  
  14  0:37  Refinery  
  15  1:22  Supply Depot  
  15  1:28  Supply Depot  
  15  1:32  Supply Depot  
  15  1:47  Barracks  
  15  1:54  Barracks  
  15  2:24  SCV  
  16  2:36  SCV  
  17  2:45  Reaper  
  17  2:48  SCV  
  17  2:50  Reaper  
  20  3:00  SCV  
  21  3:12  SCV  
  22  3:16  Marine  
  23  3:22  Marine  
  24  3:34  Reaper  
  24  3:40  Marine  
  26  3:58  Marine  
  27  4:06  Marine, Factory  
  28  4:16  Marine  
  29  4:24  Marine  
  30  4:33  Marine  
  31  4:42  Marine  
  30  4:51  Marine  
  23  4:58  Cyclone  
  21  5:00  Marine  
  16  5:17  Marine  
  13  5:30  Cyclone  
  15  5:35  Marine  
  15  5:42  SCV  
  17  5:48  Reaper  
  18  5:53  Marine  
  18  5:54  SCV  
  20  6:02  Cyclone  
  22  6:06  SCV  
  23  6:11  Reaper  
  24  6:18  SCV  
  24  6:20  Reaper  
  26  6:33  SCV  
  29  6:45  SCV  
  30  6:48  Factory Tech Lab  
  30  6:52  Reaper  
  29  6:57  SCV, Starport  
  30  7:09  SCV  
  31  7:21  SCV  
  32  7:25  Reaper  
  33  7:33  SCV  
  33  7:36  Siege Tank  
  37  7:49  Medivac  
  39  9:13  Supply Depot  
  39  9:34  Marine  
  39  9:35  Marine, Cyclone, Medivac  
  45  9:52  Marine x2  
  47  10:32  Supply Depot  
  47  10:36  Supply Depot  
  47  10:43  Supply Depot  
  47  10:45  Starport Tech Lab  
  47  10:53  Marine x2, Cyclone  
  51  11:11  Marine x2  
  53  11:25  Cyclone  
  55  11:28  Marine x2  
  57  11:47  Reaper x2  
  59  11:57  Cyclone  
  61  12:29  Cyclone  
  63  13:00  SCV  
  63  13:02  Hellion  
  66  13:07  Command Center  
  66  13:12  SCV  
  67  13:24  SCV  
  68  13:36  SCV  
Tags
 
Add a new tag
Caveats
  • Supply blocks, unpowered buildings, or Contaminate may cause inaccurate times.
  • Supply counts are checked every 10 seconds.